Map: New Repugnancy LE

Players

Lethologica

  • Race: Terran Terran
  • League: Diamond
  • Spawn Location: 1:00

Katfish - Winner!

  • Race: Protoss Protoss
  • League: Diamond
  • Spawn Location: 7:00

VOD

Have the link to the VOD?

Description

Time

  • Played on: April 6, 2019, 2:23 p.m.
  • Length: 9:56
Show
View Real Time Build Order
Export as new Build Order

Lethologica Terran 

Build Orders:  

Get SALT Encoding   

  12  0:01  SCV  
  13  0:13  SCV  
  14  0:17  Supply Depot  
  14  0:25  SCV  
  15  0:28  Refinery  
  15  0:38  SCV  
  16  0:46  Barracks  
  16  0:51  SCV  
  17  1:03  SCV  
  18  1:16  SCV  
  19  1:28  Supply Depot  
  19  1:30  Supply Depot  
  19  1:33  Marine  
  20  1:49  Bunker  
  20  1:57  Marine  
  21  2:07  Orbital Command  
  20  2:18  Marine, Supply Depot  
  20  2:28  Supply Depot  
  20  2:36  Marine  
  21  2:38  SCV  
  22  2:47  Barracks  
  22  2:51  SCV  
  23  3:02  Refinery  
  23  3:03  SCV  
  24  3:09  Bunker  
  24  3:10  Marine  
  25  3:15  SCV  
  25  3:18  Factory  
  26  3:27  SCV  
  26  3:34  Marine  
  26  3:39  SCV, Barracks Tech Lab  
  28  3:44  Bunker  
  28  3:47  Engineering Bay  
  28  3:51  SCV  
  28  3:52  Marine  
  28  3:53  Supply Depot  
  30  4:03  SCV  
  30  4:11  Marine  
  30  4:15  SCV  
  32  4:19  Missile Turret  
  32  4:20  Siege Tank, Marine  
  36  4:27  SCV, Supply Depot  
  36  4:29  Marine  
  38  4:41  Marine  
  38  4:42  SCV  
  38  4:43  Missile Turret  
  39  4:52  Starport  
  37  5:01  Marine x2  
  37  5:02  Siege Tank  
  39  5:12  Bunker  
  39  5:14  SCV  
  39  5:25  Marine x2  
  39  5:26  SCV  
  42  5:33  Supply Depot  
  42  5:43  Viking, Marine  
  45  5:52  Supply Depot  
  45  5:55  Marine  
  46  6:05  SCV  
  46  6:09  Supply Depot  
  47  6:17  SCV  
  43  6:29  SCV  
  43  6:30  Viking  
  46  6:35  Marine  
  47  6:41  SCV, Barracks Reactor  
  48  6:48  Cyclone  
  51  7:00  Viking  
  53  7:03  Missile Turret  
  53  7:06  Marine  
  52  7:32  Marine  
  46  7:47  Viking x2  
  46  7:48  Marine  
  46  7:49  Marine  
  46  7:51  Barracks, Supply Depot  
  49  7:57  Cyclone  
  51  8:06  Marine  
  51  8:07  Marine  
  51  8:19  Viking  
  52  8:20  Viking  
  52  8:24  Marine  
  55  8:27  Marine  
  55  8:29  SCV  
  55  8:31  Siege Tank  
  57  8:35  Supply Depot  
  56  8:42  Marine  
  53  9:07  Marine x2  
  53  9:09  Bunker  
  50  9:11  Viking x2  
  44  9:37  Marine  
  44  9:38  Marine  
Show
View Real Time Build Order
Export as new Build Order

Katfish Protoss - Winner!

Build Orders:  

Get SALT Encoding   

  1  0:00  Probe  
  12  0:05  Probe  
  14  0:17  Pylon  
  14  0:21  Probe  
  15  0:35  Probe  
  15  0:37  Forge  
  16  1:01  Pylon  
  16  1:06  Pylon  
  16  1:11  Pylon  
  16  1:22  Pylon  
  16  1:30  Photon Cannon  
  16  1:31  Gateway  
  16  1:38  Pylon  
  16  1:41  Probe, Pylon  
  16  1:47  Assimilator  
  17  1:58  Probe  
  18  2:07  Assimilator  
  17  2:10  Probe  
  18  2:20  Cybernetics Core  
  18  2:22  Probe  
  19  2:23  Zealot  
  21  2:30  Photon Cannon  
  21  2:31  Probe  
  22  2:40  Probe  
  23  2:50  Probe  
  24  3:00  Stargate  
  24  3:04  Shield Battery  
  24  3:13  Shield Battery  
  24  3:14  Probe  
  24  3:18  Warp Gate  
  25  3:34  Pylon, Void Ray  
  29  3:48  Probe  
  29  3:55  Stalker  
  32  4:00  Probe  
  33  4:07  Void Ray  
  37  4:36  Shield Battery  
  37  4:37  Shield Battery  
  37  4:50  Fleet Beacon  
  34  5:20  Stalker  
  36  5:41  Pylon  
  36  5:48  Photon Cannon  
  36  5:49  Photon Cannon  
  36  5:51  Tempest  
  36  5:56  Protoss Air Weapons Level 1  
  41  6:13  Shield Battery  
  41  6:25  Tempest  
  41  6:32  Photon Cannon  
  41  6:33  Shield Battery  
  46  6:46  Pylon  
  46  7:05  Stalker  
  46  7:07  Tempest  
  53  7:24  Shield Battery  
  53  7:25  Shield Battery x2  
  53  7:44  Stalker  
  55  7:57  Pylon  
  55  8:05  Shield Battery  
  55  8:06  Shield Battery  
  55  8:14  Tempest  
  55  8:15  Probe  
  61  8:30  Stalker  
  63  8:43  Nexus  
  63  8:53  Pylon  
  63  8:54  Probe  
  63  8:55  Pylon  
  61  9:39  Shield Battery  
Tags
 
Add a new tag
Caveats
  • Supply blocks, unpowered buildings, or Contaminate may cause inaccurate times.
  • Supply counts are checked every 10 seconds.